[ PARTIDA AOE2 · #482619208 ]
1v1 RMJaponeses vs Franks
Equipo del jugador · DERR
Equipo rival · VICT
[ ANÁLISIS DE REPETICIÓN · EXTRAÍDO DE LA PARTIDA GRABADA ]
Feudal
7:06
Castillos
20:09
Imperial
39:56
| APM promedio | 19.2 |
| APM pico | 46 |
| eAPM promedio | 13.9 |
| Aldeanos / militares | 125 / 114 |
Foco
⚔️ 29.8% · 🌾 70.2%
Spearman ×59 · Knight ×21 · Trebuchet (Packed) ×13 · Samurai ×12 · Militia ×5 · Mangonel ×3
Feudal
9:39
Castillos
24:12
Imperial
46:21
| APM promedio | 38.2 |
| APM pico | 56 |
| eAPM promedio | 25.2 |
| Aldeanos / militares | 149 / 152 |
Foco
⚔️ 31.7% · 🌾 68.3%
Knight ×104 · Throwing Axeman ×24 · Archer ×13 · Trebuchet (Packed) ×5 · Monk ×3 · Scout Cavalry ×2
Mapa de la partida
Recursos al inicio + cada clic de construcción. Línea gruesa = muro · recuadro discontinuo = muro de casas detectado. 🟡 oro · ⚪ piedra · 🟢 bayas · 🔶 jabalí · ⭕ reliquia
Tu base· Abierta — hueco de 9t
Base de grizz_brit· Abierta — flanco sin cerrar
Terreno con relieve · ⚠ = hueco de muro detectado · pasá el cursor para detalles
Inputs por minuto
— dumnorix - - grizz_brit
Build order — dumnorix
Primeras 150 de 323 acciones detectadas
| 0:00 | Crear | Villager (Male) |
| 0:01 | Crear | Villager (Male) |
| 0:12 | Construir | Lumber Camp |
| 1:19 | Crear | Villager (Male) |
| 1:28 | Crear | Villager (Male) |
| 1:28 | Crear | Villager (Male) |
| 1:39 | Construir | House |
| 1:42 | Construir | House |
| 2:19 | Construir | Mill |
| 2:29 | Crear | Villager (Male) |
| 2:29 | Crear | Villager (Male) |
| 2:29 | Crear | Villager (Male) |
| 3:10 | Construir | Mining Camp |
| 3:35 | Crear | Villager (Male) |
| 3:36 | Investigar | Loom |
| 4:56 | Investigar | Feudal Age |
| 5:39 | Construir | Barracks |
| 5:44 | Construir | House |
| 5:45 | Construir | House |
| 5:47 | Construir | House |
| 6:53 | Crear | Villager (Male) |
| 6:53 | Crear | Villager (Male) |
| 7:06 | Edad | Edad Feudal |
| 7:08 | Investigar | Double-Bit Axe |
| 7:12 | Crear | Militia |
| 7:12 | Crear | Militia |
| 7:13 | Crear | Militia |
| 7:22 | Crear | Militia |
| 7:51 | Crear | Villager (Male) |
| 7:51 | Crear | Villager (Male) |
| 8:05 | Construir | Farm |
| 8:05 | Construir | Farm |
| 8:06 | Construir | Farm |
| 8:06 | Construir | Farm |
| 8:06 | Construir | Farm |
| 8:06 | Construir | Farm |
| 8:07 | Construir | Farm |
| 8:51 | Construir | Farm |
| 8:51 | Construir | Farm |
| 8:51 | Construir | Farm |
| 8:51 | Construir | Farm |
| 8:56 | Crear | Villager (Male) |
| 8:57 | Crear | Villager (Male) |
| 8:57 | Crear | Villager (Male) |
| 8:57 | Crear | Villager (Male) |
| 9:50 | Investigar | Man-at-Arms (upgrade) |
| 10:31 | Crear | Villager (Male) |
| 10:31 | Crear | Villager (Male) |
| 10:31 | Crear | Villager (Male) |
| 10:36 | Construir | Farm |
| 10:37 | Construir | Farm |
| 10:37 | Construir | Farm |
| 10:37 | Construir | Farm |
| 10:37 | Construir | Farm |
| 10:53 | Investigar | Horse Collar |
| 11:22 | Crear | Villager (Male) |
| 11:22 | Crear | Villager (Male) |
| 11:35 | Crear | Militia |
| 13:31 | Crear | Villager (Male) |
| 13:31 | Crear | Villager (Male) |
| 13:32 | Crear | Villager (Male) |
| 13:32 | Crear | Villager (Male) |
| 13:32 | Crear | Villager (Male) |
| 13:32 | Crear | Villager (Male) |
| 13:48 | Construir | Farm |
| 13:48 | Construir | Farm |
| 13:48 | Construir | Farm |
| 13:49 | Construir | Farm |
| 13:49 | Construir | Farm |
| 13:49 | Construir | Farm |
| 14:40 | Construir | Farm |
| 14:41 | Construir | Farm |
| 14:41 | Construir | Farm |
| 14:41 | Construir | Farm |
| 14:55 | Construir | Lumber Camp |
| 15:10 | Construir | Blacksmith |
| 16:26 | Construir | Market |
| 16:55 | Construir | House |
| 16:56 | Construir | House |
| 16:57 | Construir | House |
| 17:08 | Construir | Building 796 |
| 17:11 | Construir | House |
| 17:29 | Investigar | Castle Age |
| 17:30 | Investigar | Wheelbarrow |
| 17:33 | Crear | Villager (Male) |
| 17:33 | Crear | Villager (Male) |
| 17:37 | Investigar | Scale Barding Armor |
| 17:38 | Investigar | Forging |
| 18:04 | Construir | Stable |
| 18:24 | Construir | House |
| 19:06 | Construir | Watch Tower |
| 20:00 | Construir | Lumber Camp |
| 20:03 | Crear | Villager (Male) |
| 20:04 | Crear | Villager (Male) |
| 20:09 | Edad | Edad de los Castillos |
| 20:38 | Crear | Knight |
| 20:38 | Crear | Knight |
| 20:38 | Crear | Knight |
| 20:38 | Crear | Knight |
| 20:39 | Crear | Knight |
| 20:39 | Crear | Knight |
| 20:39 | Crear | Knight |
| 20:59 | Investigar | Husbandry |
| 21:03 | Investigar | Chain Barding Armor |
| 21:04 | Investigar | Iron Casting |
| 21:22 | Investigar | Bloodlines |
| 21:34 | Construir | Stable |
| 21:56 | Crear | Villager (Male) |
| 21:56 | Crear | Villager (Male) |
| 21:56 | Crear | Villager (Male) |
| 22:34 | Crear | Knight |
| 23:04 | Investigar | Gold Mining |
| 23:28 | Crear | Villager (Male) |
| 23:29 | Crear | Villager (Male) |
| 23:29 | Crear | Villager (Male) |
| 23:29 | Crear | Villager (Male) |
| 23:37 | Investigar | Bow Saw |
| 24:14 | Construir | Farm |
| 24:21 | Construir | Farm |
| 24:27 | Construir | Mining Camp |
| 24:33 | Crear | Villager (Male) |
| 24:33 | Crear | Villager (Male) |
| 24:33 | Crear | Villager (Male) |
| 24:49 | Crear | Knight ×4 |
| 25:16 | Construir | Siege Workshop |
| 25:42 | Construir | Building 796 |
| 26:08 | Construir | Lumber Camp |
| 26:14 | Crear | Battering Ram |
| 26:35 | Crear | Mangonel |
| 26:35 | Crear | Mangonel |
| 26:56 | Crear | Villager (Male) |
| 26:57 | Crear | Villager (Male) |
| 26:57 | Crear | Villager (Male) |
| 28:06 | Crear | Mangonel |
| 28:25 | Crear | Knight ×3 |
| 28:25 | Crear | Knight ×3 |
| 28:37 | Crear | Knight ×3 |
| 28:42 | Crear | Villager (Male) |
| 28:42 | Crear | Villager (Male) |
| 28:43 | Crear | Villager (Male) |
| 28:43 | Crear | Villager (Male) |
| 28:43 | Crear | Villager (Male) |
| 28:43 | Crear | Villager (Male) |
| 28:44 | Crear | Villager (Male) |
| 28:44 | Crear | Villager (Male) |
| 28:44 | Crear | Villager (Male) |
| 28:44 | Crear | Villager (Male) |
| 28:44 | Crear | Villager (Male) |
| 28:57 | Construir | Town Center |
| 29:45 | Investigar | Heavy Plow |
Build order — grizz_brit
Primeras 150 de 496 acciones detectadas
| 0:02 | Crear | Villager (Male) |
| 0:02 | Crear | Villager (Male) |
| 0:11 | Construir | House |
| 0:20 | Construir | House |
| 0:40 | Construir | Lumber Camp |
| 0:52 | Crear | Villager (Male) |
| 1:28 | Crear | Villager (Male) |
| 1:30 | Investigar | Loom |
| 1:47 | Crear | Villager (Male) |
| 2:10 | Construir | House |
| 2:11 | Construir | House |
| 2:13 | Crear | Villager (Male) |
| 2:13 | Crear | Villager (Male) |
| 2:54 | Crear | Villager (Male) |
| 3:21 | Construir | Palisade Wall |
| 3:32 | Crear | Villager (Male) |
| 3:32 | Crear | Villager (Male) |
| 3:38 | Construir | House |
| 3:57 | Crear | Villager (Male) |
| 4:10 | Construir | House |
| 4:16 | Construir | Palisade Wall |
| 4:56 | Construir | Mill |
| 5:49 | Crear | Villager (Male) |
| 5:49 | Crear | Villager (Male) |
| 5:50 | Crear | Villager (Male) |
| 6:13 | Construir | House |
| 6:13 | Construir | House |
| 6:18 | Construir | House |
| 6:39 | Crear | Villager (Male) |
| 6:39 | Crear | Villager (Male) |
| 6:48 | Construir | Mining Camp |
| 6:54 | Construir | Palisade Wall |
| 7:16 | Investigar | Feudal Age |
| 7:42 | Construir | Lumber Camp |
| 8:23 | Construir | Palisade Wall |
| 9:19 | Construir | Barracks |
| 9:27 | Construir | House |
| 9:39 | Edad | Edad Feudal |
| 9:48 | Construir | Barracks |
| 9:56 | Construir | House |
| 10:04 | Construir | House |
| 10:08 | Construir | House |
| 10:12 | Construir | House |
| 10:20 | Crear | Villager (Male) |
| 10:20 | Crear | Villager (Male) |
| 10:20 | Crear | Villager (Male) |
| 10:37 | Construir | Archery Range |
| 10:44 | Crear | Villager (Male) |
| 10:44 | Crear | Villager (Male) |
| 10:45 | Crear | Villager (Male) |
| 11:12 | Crear | Archer |
| 11:12 | Crear | Archer |
| 11:13 | Crear | Archer |
| 11:21 | Crear | Villager (Male) |
| 11:21 | Crear | Villager (Male) |
| 11:31 | Construir | Archery Range |
| 11:54 | Crear | Spearman |
| 12:24 | Crear | Archer |
| 13:00 | Crear | Villager (Male) |
| 13:01 | Crear | Villager (Male) |
| 13:01 | Crear | Villager (Male) |
| 13:20 | Construir | Farm |
| 13:20 | Construir | Farm |
| 13:20 | Construir | Farm |
| 13:21 | Construir | Farm |
| 13:21 | Construir | Farm |
| 13:49 | Crear | Archer |
| 13:49 | Crear | Archer |
| 13:50 | Crear | Archer |
| 13:52 | Crear | Villager (Male) |
| 13:52 | Crear | Villager (Male) |
| 13:52 | Crear | Villager (Male) |
| 14:26 | Crear | Archer |
| 14:26 | Crear | Archer |
| 14:44 | Construir | Blacksmith |
| 14:46 | Crear | Villager (Male) |
| 14:58 | Investigar | Double-Bit Axe |
| 15:15 | Construir | Farm |
| 15:33 | Crear | Villager (Male) |
| 15:40 | Construir | Farm |
| 15:47 | Construir | Farm |
| 15:50 | Construir | Farm |
| 15:52 | Crear | Villager (Male) |
| 16:04 | Construir | Farm |
| 16:05 | Construir | Farm |
| 16:05 | Construir | Farm |
| 16:06 | Construir | Farm |
| 16:06 | Construir | Farm |
| 16:45 | Crear | Villager (Male) |
| 16:58 | Construir | Farm |
| 17:00 | Crear | Villager (Male) |
| 17:01 | Crear | Villager (Male) |
| 17:06 | Crear | Archer |
| 17:07 | Crear | Archer |
| 17:07 | Crear | Archer |
| 17:07 | Crear | Archer |
| 17:27 | Construir | Farm |
| 17:28 | Construir | Farm |
| 17:47 | Construir | Mining Camp |
| 17:55 | Construir | Mining Camp |
| 18:05 | Crear | Villager (Male) |
| 18:05 | Crear | Villager (Male) |
| 18:28 | Investigar | Fletching |
| 18:59 | Crear | Villager (Male) |
| 19:00 | Crear | Villager (Male) |
| 19:00 | Crear | Villager (Male) |
| 19:34 | Construir | Farm |
| 19:34 | Construir | Farm |
| 19:35 | Construir | Farm |
| 19:39 | Construir | Mill |
| 19:49 | Crear | Villager (Male) |
| 19:49 | Crear | Villager (Male) |
| 20:15 | Construir | Building 796 |
| 20:18 | Construir | Palisade Wall |
| 20:52 | Construir | Farm |
| 20:52 | Construir | Farm |
| 20:53 | Construir | Farm |
| 20:53 | Construir | Farm |
| 21:10 | Construir | Palisade Wall |
| 21:32 | Investigar | Castle Age |
| 22:01 | Investigar | Stone Mining |
| 22:27 | Construir | Stable |
| 22:27 | Construir | Stable |
| 22:42 | Investigar | Scale Barding Armor |
| 22:54 | Investigar | Forging |
| 23:05 | Construir | House |
| 23:09 | Construir | House |
| 23:41 | Construir | Farm |
| 23:42 | Construir | Farm |
| 23:48 | Investigar | Gold Mining |
| 24:12 | Edad | Edad de los Castillos |
| 24:13 | Construir | Farm |
| 24:17 | Construir | Town Center |
| 24:19 | Crear | Knight |
| 24:19 | Crear | Knight |
| 24:19 | Crear | Knight |
| 24:19 | Crear | Knight |
| 24:32 | Construir | Castle |
| 24:39 | Crear | Knight |
| 24:40 | Crear | Knight |
| 24:40 | Crear | Knight |
| 24:48 | Construir | Monastery |
| 24:58 | Investigar | Wheelbarrow |
| 25:12 | Crear | Villager (Male) |
| 25:36 | Crear | Villager (Male) |
| 25:36 | Crear | Villager (Male) |
| 26:18 | Construir | House |
| 26:28 | Crear | Villager (Male) |
| 26:47 | Crear | Villager (Male) |
| 26:48 | Crear | Villager (Male) |
Cronología de la partida
| 3:21 | grizz_brit · wall_segment Palisade Wall x10 |
| 4:16 | grizz_brit · wall_segment Palisade Wall x7 |
| 5:39 | dumnorix · first_building Barracks |
| 6:54 | grizz_brit · wall_segment Palisade Wall x3 |
| 7:06 | dumnorix · age_up feudal |
| 8:23 | grizz_brit · wall_segment Palisade Wall x8 |
| 9:19 | grizz_brit · first_building Barracks |
| 9:39 | grizz_brit · age_up feudal |
| 10:37 | grizz_brit · first_building Archery Range |
| 18:04 | dumnorix · first_building Stable |
| 20:09 | dumnorix · age_up castle |
| 20:18 | grizz_brit · wall_segment Palisade Wall x7 |
| 21:10 | grizz_brit · wall_segment Palisade Wall x4 |
| 22:27 | grizz_brit · first_building Stable |
| 24:12 | grizz_brit · age_up castle |
| 24:32 | grizz_brit · first_building Castle |
| 24:48 | grizz_brit · first_building Monastery |
| 25:16 | dumnorix · first_building Siege Workshop |
| 30:05 | dumnorix · first_building Archery Range |
| 33:07 | dumnorix · first_building Castle |
| 33:37 | dumnorix · first_building Monastery |
| 39:56 | dumnorix · age_up imperial |
| 41:02 | grizz_brit · wall_segment Stone Wall x5 |
| 41:24 | grizz_brit · wall_segment Stone Wall x16 |
| 41:36 | grizz_brit · wall_segment Stone Wall x14 |
| 45:03 | dumnorix · first_market_sell 100 wood |
| 46:21 | grizz_brit · age_up imperial |
| 51:50 | dumnorix · resign |
[ ANÁLISIS IA · 1 CRÉDITO ]
¿Qué pasó realmente en esta partida?
Wolo.gg analiza cada decisión: build order, eco, micro, errores típicos por bracket. Análisis personalizado por WhatsApp o Discord en 30 segundos.
Guía civ
Japoneses
Guía mapa
QS Runestones
Perfil
dumnorix